 Dungeon Crawl Stone Soup version 0.21.0-26-g889b8f6872 (webtiles) character file.

10385 Peloso the Carver (level 11, -14/94 HPs)
             Began as a Minotaur Fighter on Jan 28, 2018.
             Was a High Priest of Okawaru.
             Demolished by an ice devil (27 damage)
             ... on level 11 of the Dungeon.
             The game lasted 00:24:00 (9955 turns).

Peloso the Carver (Minotaur Fighter)                Turns: 9955, Time: 00:24:00

Health: -14/94     AC: 16    Str: 23    XL:     11   Next: 35%
Magic:  9/11       EV: 11    Int:  5    God:    Okawaru [*****.]
Gold:   507        SH: 14    Dex: 11    Spells: 10/10 levels left

rFire    + . .     SeeInvis .   a - +0 long sword
rCold    x . .     Gourm    .   c - +0 shield
rNeg     . . .     Faith    .   b - +0 plate armour
rPois    .         Spirit   .   (helmet restricted)
rElec    .         Reflect  .   (no cloak)
rCorr    .         Harm     .   (no gloves)
MR       .....                  (no boots)
Stlth    ..........             (no amulet)
HPRegen  0.25/turn              g - ring of fire
MPRegen  0.12/turn              H - ring of wizardry

@: heroism
A: retaliatory headbutt, horns 2
a: Heroism, Finesse, Renounce Religion


You were on level 11 of the Dungeon.
You worshipped Okawaru.
Okawaru was extremely pleased with you.
You were not hungry.

You visited 1 branch of the dungeon, and saw 11 of its levels.

You collected 507 gold pieces.

Inventory:

Hand Weapons
 a - a +0 long sword (weapon)
 C - the +9 hunting sling of Tuczele {venom, +Blink +Inv Str-5}
   (You found it on level 6 of the Dungeon)

   It poisons the ammo it fires.
   It affects your strength (-5).
   It lets you turn invisible.
   It lets you blink.
 J - a +0 hand crossbow
Armour
 b - a +0 plate armour (worn)
 c - a +0 shield (worn)
Jewellery
 g - a ring of fire (left hand)
 H - a ring of wizardry (right hand)
Wands
 d - a wand of clouds (4)
 y - a wand of digging (7)
 D - a wand of random effects (25)
 E - a wand of iceblast (5)
Scrolls
 h - 4 scrolls of teleportation
 i - 4 scrolls of magic mapping
 j - 4 scrolls of remove curse
 k - a scroll of holy word {unknown}
 l - a scroll of blinking {unknown}
 n - 3 scrolls of noise {unknown}
 r - a scroll of fear {unknown}
 s - 10 scrolls of identify
 t - 2 scrolls of enchant weapon {unknown}
 v - 4 scrolls of amnesia {unknown}
 x - 3 scrolls of enchant armour {unknown}
 B - 2 scrolls of immolation {unknown}
Potions
 e - 4 potions of flight
 m - a potion of agility
 o - 4 potions of curing
 p - a potion of heal wounds
 q - 2 potions of haste
 u - 3 potions of brilliance
 w - 3 potions of mutation
 z - a potion of berserk rage
Books
 A - a book of Changes

   Spells                             Type                      Level
   a - Beastly Appendage              Transmutation                1
   b - Sticks to Snakes               Transmutation                2
   c - Spider Form                    Transmutation/Poison         3
   d - Ice Form                       Ice/Transmutation            4
   e - Blade Hands                    Transmutation                5
 G - a book of Necromancy

   Spells                             Type                      Level
   a - Pain                           Necromancy                   1
   b - Animate Skeleton               Necromancy                   1
   c - Vampiric Draining              Necromancy                   3
   d - Regeneration                   Charms/Necromancy            3
   e - Animate Dead                   Necromancy                   4
   f - Borgnjor's Vile Clutch         Necromancy/Earth             5
 I - a book of Frost

   Spells                             Type                      Level
   a - Freeze                         Ice                          1
   b - Throw Frost                    Conjuration/Ice              2
   c - Ozocubu's Armour               Charms/Ice                   3
   d - Throw Icicle                   Conjuration/Ice              4
   e - Summon Ice Beast               Ice/Summoning                4
Comestibles
 f - 14 rations


   Skills:
 + Level 8.1(13.1) Fighting
 + Level 12.3(17.3) Long Blades
 + Level 10.3(15.3) Armour
 + Level 3.9(8.9) Dodging
 + Level 1.2(6.2) Stealth
 + Level 11.9(16.9) Shields
 + Level 1.6 Invocations


You had 10 spell levels left.
You didn't know any spells.

Dungeon Overview and Level Annotations

Branches:
Dungeon (11/15)            Temple (0/1) D:7            Lair (0/6) D:10
    Orc (0/2) D:10

Altars:
Ashenzari
Cheibriados
Elyvilon
Hepliaklqana
Nemelex Xobeh
Okawaru
Xom
The Shining One
Beogh

Shops:
D:6 (   D:7 :   D:10 }

Portals:
Ice
Cave: D:11


Innate Abilities, Weirdness & Mutations

You reflexively headbutt those who attack you in melee.
You have a pair of horns on your head.


Message History

The ice devil hits you. The ice devil freezes you!!
You feel a terrible chill!
* * * LOW HITPOINT WARNING * * *
You closely miss the ice devil.
You headbutt the ice devil, but do no damage.
The ice devil is heavily wounded.
The ice devil completely misses you.
You barely miss the ice devil.
The ice devil is heavily wounded.
You block the ice devil's attack.
You closely miss the ice devil.
You headbutt the ice devil, but do no damage.
The ice devil is heavily wounded.
You gain the combat prowess of a mighty hero.
You block the ice devil's attack.
You hit the ice devil.
The ice devil is heavily wounded.
The ice devil hits you!
* * * LOW HITPOINT WARNING * * *
The ice devil freezes you!!
You feel a terrible chill!
You die...

****** ################
*,,,,*###.........<.....
*,,,,*#@'...#...........
#∩....4.#...#...###....#
#....##.+...#...#*#.....
#...,*###...#...........
###*** #...#...........
*******#...#...........
*,,,,,,....#...........
*,,,>,,,...............
*,******,***#######+###


You could see an ice devil.

Vanquished Creatures
  5 two-headed ogres
  The ghost of bartorex the Grappler, a novice TrBe of Trog (D:8)
  Pikel (D:4)
  The ghost of Hat the Cleaver, a novice DDBe of Trog (D:6)
  A komodo dragon (D:10)
  3 trolls
  Prince Ribbit (D:6)
  A hornet (D:9)
  A hippogriff (D:9)
  Sigmund (D:5)
  A shadow (D:10)
  A hungry ghost (D:10)
  A water moccasin (D:9)
  5 ice beasts
  2 sky beasts
  4 slaves (D:4)
  3 orc warriors
  3 ogres
  A necrophage (D:10)
  5 centaurs
  A phantom (D:7)
  A big kobold (D:9)
  3 bullfrogs
  A gnoll sergeant (D:5)
  A water moccasin skeleton (D:10)
  3 wights (D:7)
  3 crimson imps
  3 bullfrog zombies
  A quasit (D:9)
  3 hounds
  2 jellies
  3 centaur skeletons
  A gnoll shaman (D:7)
  8 orc priests
  5 iguanas
  Ijyb (D:5)
  5 orc wizards
  5 worker ants
  A killer bee zombie (D:9)
  A hound skeleton (D:4)
  A howler monkey zombie (D:7)
  A worker ant zombie (D:9)
  12 gnolls
  4 adders
  4 shadow imps
  An ooze (D:1)
  2 worms
  3 dart slugs
  9 leopard geckos
  37 orcs
  5 giant cockroaches
  10 goblins
  10 hobgoblins
  9 jackals
  3 quokkas
  5 bats (D:1)
  7 frilled lizards
  A jackal skeleton (D:4)
  A jackal zombie (D:6)
  13 kobolds
  3 rats
235 creatures vanquished.

Vanquished Creatures (others)
  An orc priest (D:5)
  A worker ant (D:5)
  An adder (D:5)
  5 plants (D:10)
8 creatures vanquished.

Grand Total: 243 creatures vanquished

Notes
Turn   | Place    | Note
-------+----------+-------------------------------------------
     0 | D:1      | Peloso the Minotaur Fighter began the quest for the Orb.
     0 | D:1      | Reached XP level 1. HP: 19/19 MP: 0/0
    94 | D:1      | Reached XP level 2. HP: 26/27 MP: 1/1
   527 | D:1      | Reached skill level 3 in Long Blades
   527 | D:1      | Reached XP level 3. HP: 33/33 MP: 2/2
   569 | D:1      | You fall through a shaft!
  1056 | D:3      | Reached XP level 4. HP: 38/41 MP: 3/3
  1072 | D:3      | HP: 1/41 [orc/falchion (4)]
  1385 | D:3      | Reached skill level 4 in Long Blades
  1504 | D:3      | Reached XP level 5. HP: 34/47 MP: 4/4
  1900 | D:4      | Noticed an ogre
  1908 | D:4      | Killed an ogre
  1908 | D:4      | Reached skill level 5 in Long Blades
  1908 | D:4      | Reached skill level 1 in Dodging
  1908 | D:4      | Reached skill level 5 in Shields
  2119 | D:4      | Noticed a slave
  2120 | D:4      | Noticed a slave
  2121 | D:4      | Noticed Pikel
  2121 | D:4      | Noticed a slave
  2136 | D:3      | Reached XP level 6. HP: 40/53 MP: 5/5
  2265 | D:4      | Killed a slave
  2282 | D:4      | Killed a slave
  2288 | D:4      | Killed a slave
  2648 | D:4      | Noticed a slave
  2694 | D:4      | Killed a slave
  2702 | D:4      | Killed Pikel
  2702 | D:4      | Reached skill level 5 in Fighting
  2702 | D:4      | Reached skill level 6 in Long Blades
  2702 | D:4      | Reached skill level 5 in Armour
  2702 | D:4      | Reached XP level 7. HP: 17/61 MP: 6/6
  3034 | D:4      | Reached skill level 7 in Long Blades
  3435 | D:5      | Entered Level 5 of the Dungeon
  3447 | D:5      | Found an iron altar of Okawaru.
  3447 | D:5      | Noticed Ijyb
  3447 | D:5      | Noticed Sigmund
  3453 | D:5      | Killed Sigmund
  3453 | D:5      | Reached XP level 8. HP: 60/68 MP: 7/7
  3457 | D:5      | Killed Ijyb
  3474 | D:5      | Became a worshipper of Warmaster Okawaru
  3536 | D:5      | Reached skill level 1 in Stealth
  3782 | D:5      | Reached skill level 8 in Long Blades
  3851 | D:5      | Found a shimmering altar of Xom.
  3954 | D:5      | Found a hazy altar of Hepliaklqana.
  4115 | D:6      | Noticed Prince Ribbit
  4138 | D:6      | Killed Prince Ribbit
  4138 | D:6      | Reached * piety under Okawaru
  4173 | D:6      | Found a white marble altar of Elyvilon.
  4322 | D:6      | Found a snail-covered altar of Cheibriados.
  4380 | D:6      | Noticed Hat's ghost (novice DDBe)
  4387 | D:6      | Reached XP level 9. HP: 74/74 MP: 8/8
  4973 | D:6      | Killed Hat's ghost
  4973 | D:6      | Reached skill level 9 in Long Blades
  5460 | D:6      | Got a faintly glowing hunting sling
  5461 | D:6      | Identified the +9 hunting sling of Tuczele {venom, +Blink +Inv Str-5} (You found it on level 6 of the Dungeon)
  5483 | D:6      | Found Gawocs's Weapon Emporium.
  5635 | D:7      | Reached ** piety under Okawaru
  6035 | D:7      | Found a staircase to the Ecumenical Temple.
  6035 | D:7      | Found Gaump's Book Shop.
  6368 | D:8      | Found a glowing golden altar of the Shining One.
  6437 | D:8      | Noticed a two-headed ogre
  6458 | D:8      | Killed a two-headed ogre
  6458 | D:8      | Reached *** piety under Okawaru
  6458 | D:8      | Reached skill level 10 in Long Blades
  6458 | D:8      | Reached XP level 10. HP: 68/84 MP: 6/9
  6553 | D:8      | Noticed a two-headed ogre
  6563 | D:8      | Killed a two-headed ogre
  6563 | D:8      | Reached skill level 10 in Shields
  6586 | D:8      | Noticed bartorex's ghost (novice TrBe)
  6895 | D:8      | HP: 2/84 [bartorex's ghost (22)]
  7244 | D:8      | Killed bartorex's ghost
  7280 | D:8      | Found a shattered altar of Ashenzari.
  7421 | D:8      | Reached skill level 11 in Long Blades
  7870 | D:9      | Noticed a two-headed ogre
  7900 | D:8      | Killed a two-headed ogre
  7911 | D:9      | Reached **** piety under Okawaru
  7970 | D:8      | Reached skill level 1 in Invocations
  8244 | D:9      | Found a sparkling altar of Nemelex Xobeh.
  8867 | D:9      | Noticed a two-headed ogre
  8874 | D:9      | Killed a two-headed ogre
  8874 | D:9      | Reached skill level 10 in Armour
  8874 | D:9      | Reached XP level 11. HP: 87/94 MP: 8/11
  9009 | D:9      | Reached skill level 12 in Long Blades
  9113 | D:10     | Entered Level 10 of the Dungeon
  9140 | D:10     | Noticed a two-headed ogre
  9151 | D:10     | Killed a two-headed ogre
  9236 | D:10     | Noticed an orc high priest
  9280 | D:10     | Reached ***** piety under Okawaru
  9326 | D:10     | Found Eqyomeul's Gadget Shoppe.
  9396 | D:10     | Received a gift from Okawaru
  9433 | D:10     | Found a staircase to the Lair.
  9531 | D:10     | Found a staircase to the Orcish Mines.
  9541 | D:10     | Found a roughly hewn altar of Beogh.
  9940 | D:11     | Found a frozen archway.
  9955 | D:11     | Demolished by an ice devil

Skill      XL: |  1  2  3  4  5  6  7  8  9 10 11 |
---------------+----------------------------------+-----
Fighting       | 4 5 6 7 8 |  8.1
Shields        | 4 5 6 7 9 11 | 11.9
Long Blades    | 3 4 5 6 7 8 10 11 12 | 12.3
Armour         | 4 5 6 7 8 10 | 10.3
Dodging        | 1 2 3 |  3.9
Stealth        | 1 |  1.2
Invocations    | 1 |  1.6

Action                   |  1- 3 |  4- 6 |  7- 9 | 10-12 || total
-------------------------+-------+-------+-------+-------++-------
Melee: Long sword        |    92 |   152 |   315 |   332 ||   891
       Headbutt          |    12 |    31 |    77 |    84 ||   204
Invok: Heroism           |       |       |     1 |     8 ||     9
  Use: Scroll            |       |       |     3 |     8 ||    11
       Potion            |       |       |     3 |     3 ||     6
  Eat: Chunk             |       |     5 |    10 |     9 ||    24
       Ration            |       |       |     1 |     1 ||     2
Armor: Scale mail        |    46 |     3 |       |       ||    49
       Chain mail        |       |    72 |   112 |    17 ||   201
       Plate armour      |       |       |       |    97 ||    97
Dodge: Dodged            |    28 |    37 |    76 |    82 ||   223
Block: Shield            |    47 |   103 |   192 |   217 ||   559
       Rpst.: Long sword |     9 |     7 |    18 |    20 ||    54
